 Dungeon Crawl Stone Soup version 0.18-a0-801-gb01a236 (webtiles) character file.

274 JokEr the Charmwright (level 6, -1/42 HPs)
             Began as a High Elf Skald on Dec 14, 2015.
             Slain by an orc priest
             ... wielding a +0 hand axe
              (3 damage)
             ... on level 3 of the Dungeon.
             The game lasted 00:09:01 (2878 turns).

JokEr the Charmwright (High Elf Skald)              Turns: 2878, Time: 00:09:02

Health: -1/42      AC:  8    Str: 12    XL:     6   Next: 3%
Magic:  11/11      EV: 10    Int: 17    God:
Gold:   128        SH:  0    Dex: 15    Spells: 1 memorised, 9 levels left

rFire  . . .     SeeInvis .     a - +0 short sword
rCold  . . .     Clarity  .     j - +1 ring mail
rNeg   . . .     SustAt   .     (no shield)
rPois  .         Gourm    .     (no helmet)
rElec  .         Spirit   .     (no cloak)
rCorr  .         Dismiss  .     k - +0 pair of gloves
rMut   .         Stasis   .     p - +0 pair of boots
MR     .....                    (no amulet)
Stlth  +.........               (no ring)
                                (no ring)

@: not resistant to hostile enchantments, very unstealthy
A: no striking features
a: no special abilities


You were on level 3 of the Dungeon.
You were hungry.

You visited 1 branch of the dungeon, and saw 3 of its levels.

You collected 128 gold pieces.

Inventory:

Hand Weapons
 a - a +0 short sword (weapon)
Armour
 j - a +1 ring mail (worn)
 k - a +0 pair of gloves (worn)
 p - a +0 pair of boots (worn)
Jewellery
 e - an uncursed ring of poison resistance
 g - an uncursed ring of ice {unknown}
 h - an uncursed amulet of guardian spirit {unknown}
 l - a +3 amulet of reflection {unknown}
Scrolls
 f - a scroll of teleportation
 v - a scroll of magic mapping
Potions
 b - a potion of heal wounds
 i - a potion of might {unknown}
 m - a potion of curing {unknown}
 o - a potion of agility {unknown}
 s - a potion of mutation {unknown}
 u - 2 potions of experience {unknown}
Books
 c - a book of Battle

   Spells                             Type                      Level
   a - Infusion                       Charms                       1
   b - Shroud of Golubria             Charms/Translocation         2
   c - Song of Slaying                Charms                       2
   d - Spectral Weapon                Hexes/Charms                 3
   e - Regeneration                   Charms/Necromancy            3
Comestibles
 d - 2 bread rations
 n - 3 meat rations
 w - a beef jerky


   Skills:
 + Level 3.1 Fighting
 + Level 4.7 Short Blades
 - Level 0.8 Armour
 - Level 1.1 Dodging
 + Level 1.7 Stealth
 + Level 2.8 Spellcasting
 + Level 5.7 Charms


You had 9 spell levels left.
You knew the following spells:

 Your Spells              Type           Power        Failure   Level  Hunger
a - Infusion              Chrm           ###...       4%          1    #......


Dungeon Overview and Level Annotations

Branches:
Dungeon (3/15)

Altars:
Fedhas
Okawaru
Trog


Message History

The orc priest is lightly wounded.
The orc priest hits you with a hand axe.
You hit the orc priest but do no damage.
The orc priest is lightly wounded.
The orc priest calls down the wrath of Beogh upon you.
Pain shoots through your body!
You barely miss the orc priest.
The orc priest is lightly wounded.
The orc priest casts a cantrip, but nothing happens.
You hit the orc priest but do no damage.
The orc priest is lightly wounded.
Your ring mail prevents you from hitting the orc priest.
The orc priest is lightly wounded.
The orc priest invokes the aid of Beogh against you.
Pain shoots through your body!
* * * LOW HITPOINT WARNING * * *
You hit the orc priest.
The orc priest is moderately wounded.
The orc priest hits you with a hand axe.
You die...

.# #.### .# #...
..# #..##..#.
#....... ......#
#.########.....##.
#...oo@.....>.....
#..#######..#....
#........# # .
.........#
##...#####..##.##
#....[..........).
#....####..###.##.
#....####....# #
...........<#


You could see an orc priest and an orc.

Vanquished Creatures
  Sigmund (D:2)
  An orc wizard (D:3)
  4 adders
  2 worms (D:2)
  A giant gecko (D:2)
  2 orcs
  A ball python (D:2)
  9 bats
  3 giant cockroaches
  2 goblins (D:1)
  9 hobgoblins
  7 jackals
  6 giant newts
  7 kobolds
  10 rats
65 creatures vanquished.

Notes
Turn   | Place    | Note
--------------------------------------------------------------
     0 | D:1      | JokEr the High Elf Skald began the quest for the Orb.
     0 | D:1      | Reached XP level 1. HP: 14/14 MP: 4/4
   467 | D:1      | Reached XP level 2. HP: 17/19 MP: 6/6
   524 | D:1      | Reached skill level 4 in Charms
   765 | D:1      | Reached XP level 3. HP: 22/25 MP: 7/7
  1547 | D:2      | Noticed Sigmund
  1573 | D:2      | Killed Sigmund
  1573 | D:2      | Reached skill level 1 in Stealth
  1573 | D:2      | Reached skill level 5 in Charms
  1573 | D:2      | Reached XP level 4. HP: 9/30 MP: 7/9
  1573 | D:2      | Reached XP level 5. HP: 10/36 MP: 7/10
  2419 | D:2      | Found a blossoming altar of Fedhas.
  2672 | D:2      | Found a bloodstained altar of Trog.
  2694 | D:2      | Found an iron altar of Okawaru.
  2856 | D:3      | Reached XP level 6. HP: 42/42 MP: 11/11
  2877 | D:3      | HP: 2/42 [orc priest/nerve-wracking pain (12)]
  2878 | D:3      | Slain by an orc priest

Vault maps used:
D:1:      minmay_arrival_wavy_path
D:2:      marbit_many_paths, minitemple, first_bread, uniq_sigmund
D:3:      lemuel_doored_altar

Action                   |  1- 3 |  4- 6 || total
-------------------------+-------+-------++-------
Melee: Short sword       |   131 |   187 ||   318
  Use: Potion            |     1 |       ||     1
       Scroll            |     3 |     3 ||     6
 Stab: Sleeping          |       |     1 ||     1
  Eat: Chunk             |     2 |     4 ||     6
